 Dungeon Crawl Stone Soup version 0.28-a0-630-g0357d9c091 (webtiles) character file.

Game seed: 1434555629879083073

16 Astera the Firebug (level 2, -1/20 HPs)
             Began as a Draconian Fire Elementalist on Oct 9, 2021.
             Was a Follower of Vehumet.
             Slain by a quokka (3 damage)
             ... on level 1 of the Dungeon.
             The game lasted 00:03:17 (595 turns).

Astera the Firebug (Draconian Fire Elementalist)     Turns: 595, Time: 00:03:18

Health: -1/20      AC:  4    Str: 10    XL:     2   Next: 41%
Magic:  4/5        EV: 12    Int: 15    God:    Vehumet [*.....]
Gold:   0          SH:  0    Dex: 11    Spells: 3/5 levels left

rFire   . . .      SeeInvis .   a - +0 dagger
rCold   . . .      Faith    .   (no shield)
rNeg    . . .      Spirit   .   (armour unavailable)
rPois   .          Reflect  .   (helmet restricted)
rElec   .          Harm     .   (no cloak)
rCorr   .          Rampage  .   (no gloves)
Will    .....                   (no boots)
Stlth   ++........              (no amulet)
HPRegen 0.06/turn               (no ring)
MPRegen 0.09/turn               (no ring)

@: no status effects
A: AC +4, unfitting armour, cold-blooded
a: Renounce Religion


You were on level 1 of the Dungeon.
You worshipped Vehumet.
Vehumet was aware of your devotion.
You visited 1 branch of the dungeon, and saw 1 of its levels.

Inventory:

Hand Weapons
 a - a +0 dagger (weapon)
Scrolls
 b - a scroll of teleportation {unknown}


   Skills:
 + Level 2.1 Dodging
 + Level 2.1 Stealth
 + Level 2.0 Spellcasting
 + Level 1.0 Conjurations
 + Level 3.3 Fire Magic


You had 3 spell levels left.
You knew the following spells:

 Your Spells              Type           Power      Damage    Failure   Level
a - Foxfire               Conj/Fire      32%        2x1d5     9%          1
b - Magic Dart            Conj           16%        1d3       14%         1

Your spell library contained the following spells:

 Spells                   Type           Power      Damage    Failure   Level
 Scorch                   Fire           22%        2d6       9%          2
 Conjure Flame            Conj/Fire      8%         6-21      26%         3
 Inner Flame              Hex/Fire       6%         N/A       32%         3
 Flame Wave               Conj/Fire      8%         3d4       65%         4


Dungeon Overview and Level Annotations

Branches:
Dungeon (1/15)

Altars:
Vehumet


Innate Abilities, Weirdness & Mutations

Your plain brown scales are hard. (AC +4)
You cannot fit into any form of body armour.
You are cold-blooded and may be slowed by cold attacks.


Message History

The hobgoblin hits you but does no damage.
You hit the hobgoblin.
The hobgoblin is almost dead.
The hobgoblin barely misses you.
You hit the hobgoblin but do no damage.
The hobgoblin is almost dead.
The hobgoblin hits you.
You closely miss the hobgoblin.
The hobgoblin is almost dead.
The hobgoblin hits you.
You hit the hobgoblin.
You kill the hobgoblin!
Vehumet accepts your kill. The quokka barely misses you.
You hit the quokka.
Your tail-slap misses the quokka.
The quokka is moderately wounded.
The quokka bites you. x2
You hit the quokka.
The quokka is heavily wounded.
The quokka bites you.
Your magical contamination has completely faded away.
You barely miss the quokka.
The quokka is heavily wounded.
The quokka misses you. The quokka bites you.
* * * LOW HITPOINT WARNING * * *
The quokka bites you.
* * * LOW HITPOINT WARNING * * *
Casting: Magic Dart (safe; 14% risk of failure)
Confirm with . or Enter, or press ? or * to list all spells.
You conjure some foxfire!
The quokka closely misses you.
Your foxfire dissipates!
The quokka closely misses you.
The quokka bites you but does no damage.
The quokka barely misses you.
The quokka bites you but does no damage.
The quokka bites you.
* * * LOW HITPOINT WARNING * * *
The quokka bites you.
You die...

....................>.......
.
.#.#..###.#######.......###.
. .#........# #.#........
.###..##### #.#.#######
......# #.#.# .##...#
########.#.####### ......#
#........#.......# ......#
##.##.#.#r#.#####.# ###...#
#.......@....# #.#
......###.≈≈≈≈≈.≈≈≈≈.####.#
.....##...≈≈≈≈≈.≈≈≈≈.##...#
.....##.#.≈≈≈≈≈.≈≈≈≈.##.###
...#.##.#.≈≈≈≈≈.≈≈≈≈....#
...#.##.#.......≈≈≈≈.####
...#.##.#.≈≈≈≈.......#
.###.##.#.≈≈≈≈.≈≈≈≈≈.#
...†..)...≈≈≈≈.≈≈≈≈≈.#


You could see a quokka.

Vanquished Creatures
  2 endoplasms (D:1)
  3 giant cockroaches (D:1)
  2 goblins (D:1)
  3 hobgoblins (D:1)
  A quokka (D:1)
  A frilled lizard (D:1)
  A rat (D:1)
13 creatures vanquished.

Vanquished Creatures (others)
  14 foxfires (D:1)
14 creatures vanquished.

Grand Total: 27 creatures vanquished

Notes
Turn   | Place    | Note
-------+----------+-------------------------------------------
     0 | D:1      | Astera the Draconian Fire Elementalist began the quest for
                  | the Orb.
     0 | D:1      | Reached XP level 1. HP: 14/14 MP: 3/3
   187 | D:1      | Found a faded altar of an unknown god.
   195 | D:1      | Became a worshipper of Vehumet
   195 | D:1      | Reached * piety under Vehumet
   195 | D:1      | Offered knowledge of Magic Dart by Vehumet.
   198 | D:1      | Learned a level 1 spell: Magic Dart
   265 | D:1      | Reached XP level 2. HP: 18/20 MP: 1/5
   590 | D:1      | HP: 1/20 [quokka (2)]
   595 | D:1      | Slain by a quokka

Illustrated notes

Levels and vault maps discovered:
D:1:      dpeg_arrival_fog, layout_basic, basic_ecumenical_altar, minivault_14

Skill      XL: |  1  2 |
---------------+-------+-----
Dodging        | 2 |  2.1
Stealth        | 2 |  2.1
Spellcasting   | |  2.0
Conjurations   | |  1.0
Fire Magic     | |  3.3

Action                   || total
-------------------------++-------
Melee: Dagger            ||    51
       Tailslap          ||     6
       Unarmed           ||     4
 Cast: Foxfire           ||    10
       Magic Dart        ||     4
 Stab: Sleeping          ||     1
Armor: Skin              ||    17
Dodge: Dodged            ||    37

Table legend: (Time is in decaauts)
 A = Elapsed time spent in this place.
 B = Non-inter-level travel time spent in this place.
 C = Inter-level travel time spent in this place.
 D = Time resting spent in this place.
 E = Time spent auto-exploring this place.
 F = Levels seen in this place.
 G = Mean time per level.
                   A        B        C        D        E       F      G
               +--------+--------+--------+--------+--------+-----+--------+
         Total |    600 |    600 |      0 |      0 |    383 |   1 |  600.0 |
       Dungeon |    600 |    600 |      0 |      0 |    383 |   1 |  600.0 |
               +--------+--------+--------+--------+--------+-----+--------+

Top non-repeatable levels by time:
     D:1: 600 daAuts
